 Dungeon Crawl Stone Soup version 0.29.0-4-gdea44cf6ec (webtiles) character file.

Game seed: 5873297463384400645

42 qw the Chopper (level 3, 0/21 HPs)
             Began as a Tengu Warper on Aug 28, 2022.
             Slain by an orc priest
             ... wielding a +0 trident
              (6 damage)
             ... on level 2 of the Dungeon.
             The game lasted 00:00:07 (1260 turns).

qw the Chopper (Tengu Warper)                       Turns: 1260, Time: 00:00:07

Health: 0/21       AC:  8    Str: 13    XL:     3   Next: 56%
Magic:  7/7        EV:  6    Int: 13    God:
Gold:   92         SH:  0    Dex: 13    Spells: 6/6 levels left

rFire   . . .      SeeInvis .   Y - +0 hand axe
rCold   . . .      Faith    .   (no shield)
rNeg    . . .      Spirit   .   g - +0 chain mail
rPois   .          Reflect  .   (helmet restricted)
rElec   .          Harm     .   (no cloak)
rCorr   .          Rampage  .   (no gloves)
Will    .....                   (boots unavailable)
Stlth   ..........              (no amulet)
HPRegen 0.07/turn               (no ring)
MPRegen 0.10/turn               (no ring)

@: no status effects
A: beak, talons 3
a: no special abilities


You were on level 2 of the Dungeon.
You visited 1 branch of the dungeon, and saw 2 of its levels.

You collected 92 gold pieces.


Innate Abilities, Weirdness & Mutations

You have a beak for a mouth.
You have claws for feet.


   Skills:
 - Level 2.0 Fighting
 + Level 4.2 Axes
 - Level 1.0 Throwing
 - Level 1.1 Armour
 - Level 2.1 Dodging
 - Level 2.0 Spellcasting
 - Level 2.4 Translocations


You had 6 spell levels left.
You didn't know any spells.
Your spell library contained the following spells:

 Spells                   Type           Power      Damage    Failure   Level
 Blink                    Tloc           14%        N/A       99%         2
 Gell's Gravitas          Tloc           7%         N/A       100%        3
 Lesser Beckoning         Tloc           7%         N/A       100%        3
 Teleport Other           Tloc           7%         N/A       100%        3
 Manifold Assault         Tloc           7%         N/A       100%        5

Inventory:

Hand Weapons
 f - a +0 morningstar
 Y - a +0 hand axe (weapon)
Armour
 g - a +0 chain mail (worn)
Potions
 a - a potion of berserk rage {unknown}
 d - 2 potions of flight {unknown}
 e - a potion of attraction {unknown}
 h - a potion of mutation {unknown}

Dungeon Overview and Level Annotations

Branches:
Dungeon (2/15)

Altars:


Message History

Ouch! That really hurt!
The orc hits you but does no damage. The giant cockroach barely misses you.
You see here a +0 club.
You hit the orc.
The orc is heavily wounded.
You hit the giant cockroach. The orc closely misses you.
The giant cockroach bites you but does no damage.
You hit the orc but do no damage. Your peck misses the orc.
The orc is heavily wounded.
You hit the giant cockroach.
You kill the giant cockroach!
You barely miss the endoplasm.
The endoplasm hits you but does no damage.
The orc priest barely misses you.
You hit the orc but do no damage. You claw the orc.
You kill the orc!
You hit the orc but do no damage. You hit the endoplasm but do no damage.
The endoplasm freezes you.
You are frozen.
The orc barely misses you.
The orc priest hits you but does no damage.
You hit the orc.
The orc is heavily wounded.
You hit the endoplasm.
The endoplasm hits you but does no damage.
The orc hits you but does no damage.
The orc priest miscasts a cantrip.
You hit the endoplasm.
You kill the endoplasm!
You barely miss the orc.
The orc priest calls upon Beogh to heal the orc.
The orc's wounds heal themselves!
The orc hits you but does no damage. The orc priest barely misses you.
The orc hits you but does no damage.
You closely miss the orc.
The orc priest hits you from afar with a +0 trident.
The orc hits you but does no damage.
You closely miss the orc. Your kick misses the orc.
You peck the orc, but do no damage.
The orc priest hits you from afar with a +0 trident.
You die...

........#
........#
...?....#
........# #
........+ >#
......o.# ##.#
......o.###...##
###
......)@.$.....#
..#
...............#
#.#
...............#
#.#
.$.............#
##.###
...............#
.....##
.......%.......#
##.#..#
########.......#
#.##.######
#.......#
#.##......##
#.......#


You could see an orc priest and an orc.

Vanquished Creatures
  A worm (D:2)
  A dart slug (D:1)
  2 orcs (D:2)
  3 ball pythons
  3 endoplasms
  5 giant cockroaches
  4 goblins
  A hobgoblin (D:2)
  3 bats
  A frilled lizard (D:1)
  3 kobolds
  5 rats
32 creatures vanquished.

Notes
Turn   | Place    | Note
-------+----------+-------------------------------------------
     0 | D:1      | qw the Tengu Warper began the quest for the Orb.
     0 | D:1      | Reached XP level 1. HP: 12/12 MP: 4/4
     0 | D:1      | 0 ||| qw: Version: 0.1-a-89-g26bdef1
     0 | D:1      | 0 ||| qw: Game counter: 2146
     0 | D:1      | 0 ||| qw: Always use a shield: true
     0 | D:1      | 0 ||| qw: God list: Okawaru
     0 | D:1      | 0 ||| qw: Allow faded altars: false
     0 | D:1      | 0 ||| qw: Do Orc after D:15 true
     0 | D:1      | 0 ||| qw: Do second Lair branch before Depths: true
     0 | D:1      | 0 ||| qw: Lair rune preference: random
     0 | D:1      | 0 ||| qw: Plans: Normal
     0 | D:1      | 0 ||| PLANNING D:1-11
    91 | D:1      | Reached skill level 3 in Axes
    91 | D:1      | Reached XP level 2. HP: 17/17 MP: 6/6
   244 | D:1      | 244 ||| DROPPING +0 whip.
   775 | D:1      | 775 ||| Stepping ~*~*~tactically~*~*~ (stealth).
   895 | D:1      | 895 ||| UPGRADING to +0 chain mail.
   905 | D:1      | 905 ||| DROPPING +0 leather armour.
   906 | D:1      | 906 ||| READING scroll labelled PADYUN SOG.
   907 | D:1      | 907 ||| DROPPING scroll of blinking.
   936 | D:2      | Reached XP level 3. HP: 21/21 MP: 7/7
   995 | D:2      | 995 ||| Stepping ~*~*~tactically~*~*~ (stealth).
  1189 | D:2      | Reached skill level 4 in Axes
  1260 | D:2      | Slain by an orc priest

Levels and vault maps discovered:
D:1:      minmay_arrival_loop, layout_basic
D:2:      layout_basic

Skill      XL: |  1  2  3 |
---------------+----------+-----
Axes           | 3 4 |  4.2
Fighting       | |  2.0
Throwing       | |  1.0
Armour         | |  1.1
Dodging        | |  2.1
Spellcasting   | |  2.0
Translocations | |  2.4

Action                   || total
-------------------------++-------
Melee: Hand axe          ||    59
       Kick              ||    15
       Peck              ||    12
Throw: Boomerang         ||    12
  Use: Scroll            ||     1
Armor: Leather armour    ||     6
       Chain mail        ||    26
Dodge: Dodged            ||    19

Table legend:
 A = Non-vault XP
 B = Vault XP
 C = Vault XP percentage of total XP
 D = Non-vault monster count
 E = Vault monster count
 F = Vault count percentage of total count
                 A         B        C        D         E       F
            +---------+---------+-------+---------+---------+-------
      Total |      61 |       0 |   0.0 |      32 |       0 |   0.0
            +---------+---------+-------+---------+---------+-------
        D:1 |      31 |       0 |   0.0 |      19 |       0 |   0.0
        D:2 |      30 |       0 |   0.0 |      13 |       0 |   0.0
            +---------+---------+-------+---------+---------+-------
